 Dungeon Crawl Stone Soup version 0.23-a0-860-g8ff03fb (webtiles) character file.

72 Amnesiac the Cutter (level 4, 0/28 HPs)
             Began as a Tengu Fighter on Jan 28, 2019.
             Killed from afar by Ijyb (24 damage)
             ... with a wand of acid (11)
             ... on level 4 of the Dungeon.
             The game lasted 00:01:11 (547 turns).

Amnesiac the Cutter (Tengu Fighter)                  Turns: 547, Time: 00:01:12

Health: 0/28       AC:  6    Str: 17    XL:     4   Next: 25%
Magic:  5/5        EV:  7    Int:  9    God:
Gold:   21         SH:  9    Dex: 13    Spells: 3/3 levels left

rFire    . . .     SeeInvis .   a - +0 rapier
rCold    . . .     Gourm    .   c - +0 shield
rNeg     . . .     Faith    .   b - +0 scale mail
rPois    .         Spirit   .   (helmet restricted)
rElec    .         Reflect  .   (no cloak)
rCorr    .         Harm     .   (no gloves)
MR       .....                  (boots unavailable)
Stlth    ..........             (no amulet)
HPRegen  0.09/turn              (no ring)
MPRegen  0.09/turn              (no ring)

@: no status effects
A: beak, talons 3
a: no special abilities


You were on level 4 of the Dungeon.
You were not hungry.

You visited 1 branch of the dungeon, and saw 4 of its levels.

You collected 21 gold pieces.

Inventory:

Hand Weapons
 a - a +0 rapier (weapon)
Armour
 b - a +0 scale mail (worn)
 c - a +0 shield (worn)
Scrolls
 e - 2 scrolls of teleportation {!r, unknown}
 h - a scroll of identify {!r, unknown}
Potions
 d - a potion of might {!q}
Comestibles
 f - a ration
 g - 2 chunks of flesh


   Skills:
 - Level 3.0 Fighting
 + Level 4.8 Short Blades
 - Level 3.2 Armour
 - Level 3.0 Shields


You had 3 spell levels left.
You didn't know any spells.
Your spell library was empty.

Dungeon Overview and Level Annotations

Branches:
Dungeon (4/15)
 Temple: D:4-7

Altars:

Annotations:
D:4 Ijyb


Innate Abilities, Weirdness & Mutations

You have a beak for a mouth.
You have claws for feet.


Message History

You butcher the leopard gecko corpse.
g - 8 chunks of flesh (gained 2)
There is an open door here.
You see here a leopard gecko skeleton.
There is an open door here.
You see here a leopard gecko skeleton.
HP restored.
You now have 21 gold pieces (gained 10).
There is an open door here.
You see here a leopard gecko skeleton.
A water moccasin skeleton comes into view.
The water moccasin skeleton bites you.
A water moccasin skeleton is nearby!
You barely miss the water moccasin skeleton.
You block the water moccasin skeleton's attack.
You hit the water moccasin skeleton.
You peck the water moccasin skeleton, but do no damage.
The water moccasin skeleton is lightly damaged.
The water moccasin skeleton bites you.
* * * LOW HITPOINT WARNING * * *
Your shield and scale mail prevent you from hitting the water moccasin skeleton.
The water moccasin skeleton is lightly damaged.
The water moccasin skeleton bites you but does no damage.
You block the water moccasin skeleton's attack.
You closely miss the water moccasin skeleton.
You claw the water moccasin skeleton.
The water moccasin skeleton is moderately damaged.
The water moccasin skeleton bites you but does no damage.
You puncture the water moccasin skeleton!
The water moccasin skeleton is heavily damaged.
You block the water moccasin skeleton's attack.
You closely miss the water moccasin skeleton.
The water moccasin skeleton is heavily damaged.
You block the water moccasin skeleton's attack.
The water moccasin skeleton bites you but does no damage.
You barely miss the water moccasin skeleton.
You claw the water moccasin skeleton.
The water moccasin skeleton is severely damaged.
The water moccasin skeleton barely misses you.
You hit the water moccasin skeleton.
You peck the water moccasin skeleton, but do no damage.
The water moccasin skeleton is almost destroyed.
The water moccasin skeleton bites you but does no damage.
You hit the water moccasin skeleton.
The water moccasin skeleton is almost destroyed.
The water moccasin skeleton barely misses you.
The water moccasin skeleton bites you but does no damage.
You puncture the water moccasin skeleton!
You destroy the water moccasin skeleton!
Your Short Blades skill increases to level 4!
You have reached level 4!
You feel clever.
You start resting.
Some of the chunks of flesh in your inventory have rotted away. x2
HP restored.
Ijyb the Twisted Goblin comes into view.
She is carrying a wand of acid (11).
Ijyb shouts!
An iguana comes into view.
You aren't carrying any items that you can evoke.
There is an open door here.
You see here a leopard gecko skeleton.
Ijyb zaps a wand.
The bolt of acid hits you!!
Ouch! That really hurt!
You die...

##..l..##....
#...........#
#...........##
#...g........#
##.##..##...##
#.##g###....#
......g.#.........#
....g...#.........#
........######@...#
........# #....#
#...##..# .[...#
#### #### .....##
......+ .......#
#########


You could see Ijyb.

Vanquished Creatures
  A water moccasin skeleton (D:4)
  An adder (D:3)
  A leopard gecko (D:4)
  A ball python (D:3)
  A bat (D:2)
  A giant cockroach (D:4)
  2 hobgoblins (D:1)
  A jackal (D:2)
  A kobold (D:1)
  A goblin (D:3)
  5 rats
16 creatures vanquished.

Notes
Turn   | Place    | Note
-------+----------+-------------------------------------------
     0 | D:1      | Amnesiac the Tengu Fighter began the quest for the Orb.
     0 | D:1      | Reached XP level 1. HP: 14/14 MP: 2/2
   199 | D:2      | Reached skill level 3 in Short Blades
   199 | D:2      | Reached XP level 2. HP: 19/19 MP: 3/3
   396 | D:4      | Reached XP level 3. HP: 20/23 MP: 4/4
   418 | D:4      | Reached skill level 4 in Short Blades
   418 | D:4      | Reached XP level 4. HP: 12/28 MP: 5/5
   538 | D:4      | Noticed Ijyb
   547 | D:4      | Killed from afar by Ijyb

Vault maps used:
D:1:      scummos_arrival_hexagon
D:2:      first_ration
D:3:      kennysheep_slugbush
D:4:      gammafunk_temple_overflow_claw, uniq_ijyb

Skill      XL: |  1  2  3 |
---------------+----------+-----
Short Blades   | 3 4 |  4.8
Fighting       | |  3.0
Armour         | |  3.2
Shields        | |  3.0

Action                   |  1- 3 |  4- 6 || total
-------------------------+-------+-------++-------
Melee: Rapier            |    51 |       ||    51
       Kick              |    10 |       ||    10
       Peck              |     7 |       ||     7
Armor: Scale mail        |    22 |       ||    22
Dodge: Dodged            |    11 |       ||    11
Block: Shield            |    24 |       ||    24

Table legend:
 A = Non-vault XP
 B = Vault XP
 C = Vault XP percentage of total XP
 D = Non-vault monster count
 E = Vault monster count
 F = Vault count percentage of total count
                 A         B        C        D         E       F
            +---------+---------+-------+---------+---------+-------
      Total |     103 |       0 |   0.0 |      16 |       0 |   0.0
            +---------+---------+-------+---------+---------+-------
        D:1 |       7 |       0 |   0.0 |       4 |       0 |   0.0
        D:2 |       4 |       0 |   0.0 |       2 |       0 |   0.0
        D:3 |      20 |       0 |   0.0 |       7 |       0 |   0.0
        D:4 |      72 |       0 |   0.0 |       3 |       0 |   0.0
            +---------+---------+-------+---------+---------+-------
